 Dungeon Crawl Stone Soup version 0.20.1-1-g8b1a95d (webtiles) character file.

201 TheGuigne the Chopper (level 5, -7/45 HPs)
             Began as a Hill Orc Fighter on Aug 15, 2017.
             Mangled by an ogre
             ... wielding a cursed -2 giant club
              (22 damage)
             ... on level 4 of the Dungeon.
             The game lasted 00:04:27 (2897 turns).

TheGuigne the Chopper (Hill Orc Fighter)            Turns: 2897, Time: 00:04:27

Health: -7/45      AC:  9    Str: 19    XL:     5   Next: 79%
Magic:  5/5        EV:  7    Int:  9    God:
Gold:   93         SH:  9    Dex: 10    Spells: 4/4 levels left

rFire    . . .     SeeInvis .   a - +0 war axe
rCold    . . .     Gourm    .   c - +0 shield
rNeg     . . .     Faith    .   b - +0 scale mail
rPois    .         Spirit   .   (no helmet)
rElec    .         Reflect  .   t - +0 cloak
rCorr    .         Harm     .   s - +0 pair of gloves
MR       .....                  (no boots)
Stlth    ..........             (no amulet)
Regen    0.2/turn               (no ring)
MPRegen  0.1/turn               (no ring)

@: no status effects
A: no striking features
a: no special abilities


You were on level 4 of the Dungeon.
You were not hungry.

You visited 1 branch of the dungeon, and saw 4 of its levels.

You collected 93 gold pieces.

Inventory:

Hand Weapons
 a - a +0 war axe (weapon)
 n - a +0 whip
Armour
 b - a +0 scale mail (worn)
 c - a +0 shield (worn)
 s - a +0 pair of gloves (worn)
 t - a +0 cloak (worn)
Scrolls
 g - a scroll of recharging {unknown}
 i - 3 scrolls of remove curse {unknown}
 j - 2 scrolls of magic mapping {unknown}
 k - 3 scrolls of identify {unknown}
 m - a scroll of immolation {unknown}
 q - a scroll of fog {unknown}
 r - 3 scrolls of noise {unknown}
Potions
 d - 2 potions of might
 e - a potion of resistance {unknown}
 o - a potion of ambrosia {unknown}
Comestibles
 f - 4 bread rations
 h - a fruit
 l - 2 chunks of flesh
 p - a meat ration


   Skills:
 - Level 3.6 Fighting
 + Level 7.7 Axes
 - Level 3.2 Armour
 - Level 3.2 Shields


You had 4 spell levels left.
You didn't know any spells.

Dungeon Overview and Level Annotations

Branches:
Dungeon (4/15)
 Temple: D:4-7

Altars:
Kikubaaqudgha
Okawaru
Vehumet


Message History

The ogre is lightly wounded.
You closely miss the giant cockroach. The giant cockroach barely misses you.
You block the ogre's attack.
You hit the ogre but do no damage.
The ogre is lightly wounded.
You hit the giant cockroach. The giant cockroach bites you.
The ogre hits you with a giant club!
The giant cockroach bites you but does no damage.
You barely miss the ogre.
The ogre is lightly wounded.
You slash the giant cockroach!
You kill the giant cockroach!
The ogre hits you with a giant club!
You hit the ogre but do no damage.
The ogre is lightly wounded.
The ogre hits you with a giant club!
Your shield prevents you from hitting the ogre.
The ogre is lightly wounded.
The ogre hits you with a giant club!!
You die...

# ..#
###########.....
.......@.....#
......O...!.##
.......#........
##.###.#..#.).).
.. ..#.##.._.. #
...#.. ).).
....#.. ...
####.##.. ##.


You could see an ogre.

Vanquished Creatures
  Crazy Yiuf (D:3)
  The ghost of dscm the Sneak, a weakling OpEE (D:3)
  3 gnolls (D:2)
  5 adders
  2 oozes (D:1)
  2 worms
  4 leopard geckos
  An orc (D:3)
  A giant cockroach (D:4)
  11 goblins
  7 hobgoblins
  3 jackals (D:3)
  A quokka (D:2)
  A ball python (D:2)
  5 bats
  6 frilled lizards
  10 kobolds
  11 rats
  A fungus (D:3)
76 creatures vanquished.

Notes
Turn   | Place    | Note
-------+----------+-------------------------------------------
     0 | D:1      | TheGuigne the Hill Orc Fighter began the quest for the Orb.
     0 | D:1      | Reached XP level 1. HP: 19/19 MP: 1/1
    21 | D:1      | Reached skill level 3 in Axes
    84 | D:1      | Reached XP level 2. HP: 25/26 MP: 2/2
   178 | D:1      | Reached skill level 4 in Axes
   596 | D:1      | Reached XP level 3. HP: 26/31 MP: 3/3
  1175 | D:2      | Reached skill level 5 in Axes
  1545 | D:2      | Reached XP level 4. HP: 35/39 MP: 4/4
  1602 | D:2      | Reached skill level 6 in Axes
  1932 | D:3      | Noticed dscm's ghost (weakling OpEE)
  1934 | D:3      | Found an ancient bone altar of Kikubaaqudgha.
  1945 | D:3      | Killed dscm's ghost
  1945 | D:3      | Reached XP level 5. HP: 29/45 MP: 5/5
  2104 | D:3      | Found a radiant altar of Vehumet.
  2538 | D:3      | Reached skill level 7 in Axes
  2738 | D:3      | Found a runed door.
  2742 | D:3      | Noticed Crazy Yiuf
  2745 | D:3      | Killed Crazy Yiuf
  2888 | D:4      | Found an iron altar of Okawaru.
  2888 | D:4      | Noticed an ogre
  2897 | D:4      | Mangled by an ogre

Skill      XL: |  1  2  3  4  5 |
---------------+----------------+-----
Axes           | 3 4 5 6 7 |  7.7
Fighting       | |  3.6
Armour         | |  3.2
Shields        | |  3.2

Action                   |  1- 3 |  4- 6 || total
-------------------------+-------+-------++-------
Melee: War axe           |   103 |   142 ||   245
  Eat: Chunk             |     2 |     5 ||     7
Armor: Scale mail        |    26 |    54 ||    80
Dodge: Dodged            |    30 |    38 ||    68
Block: Shield            |    54 |    64 ||   118
